 Dungeon Crawl Stone Soup version 0.28-b1-25-g9875b3fc8c (webtiles) character file.

Game seed: 6587582634792971352

1206 crazypyro the Cudgeller (level 8, -1/105 HPs)
             Began as a Minotaur Fighter on Feb 2, 2022.
             Was a Priest of Dithmenos.
             Succumbed to a gnoll sergeant's poison
             ... on level 5 of the Dungeon.
             The game lasted 00:07:05 (5219 turns).

crazypyro the Cudgeller (Minotaur Fighter)          Turns: 5219, Time: 00:07:05

Health: -1/105     AC:  8    Str: 20    XL:     8   Next: 21%
Magic:  9/9        EV: 10    Int:  5    God:    Dithmenos [***...]
Gold:   269        SH: 10    Dex: 15    Spells: 10/10 levels left

rFire   . . .      SeeInvis .   a - +0 flail
rCold   . . .      Faith    .   r - +0 kite shield
rNeg    . . .      Spirit   .   b - +1 scale mail
rPois   .          Reflect  .   (helmet restricted)
rElec   .          Harm     .   p - +2 cloak
rCorr   .          Rampage  .   (no gloves)
Will    .....                   (no boots)
Stlth   ..........              (no amulet)
HPRegen 0.27/turn               (no ring)
MPRegen 0.11/turn               (no ring)

@: berserking, lethally poisoned (-1 -> -23), attractive, wreathed by umbra,
very quick
A: horns 2, retaliatory headbutt, fangs 1, thin skeletal structure 1, deformed
body, evolution 1
a: Renounce Religion, Shadow Step


You were on level 5 of the Dungeon.
You worshipped Dithmenos.
Dithmenos was most pleased with you.
You visited 1 branch of the dungeon, and saw 6 of its levels.

You collected 269 gold pieces.

Inventory:

Hand Weapons
 a - a +0 flail (weapon)
Armour
 b - a +1 scale mail (worn)
 c - a +0 buckler
 p - a +2 cloak (worn)
 r - a +0 kite shield (worn)
Scrolls
 e - 6 scrolls of identify
 f - a scroll of fog {unknown}
 g - a scroll of brand weapon {unknown}
 j - 3 scrolls of noise {unknown}
 k - 3 scrolls of amnesia {unknown}
 q - a scroll of blinking {unknown}
Potions
 d - a potion of might
 h - 2 potions of invisibility
 l - a potion of magic {unknown}
 m - a potion of brilliance {unknown}
 n - 2 potions of attraction
 o - a potion of mutation
 s - a potion of heal wounds {unknown}


   Skills:
 + Level 5.7 Fighting
 * Level 6.9 Maces & Flails
 + Level 5.8 Armour
 + Level 4.0 Dodging
 + Level 5.9 Shields
 + Level 1.5 Spellcasting


You had 10 spell levels left.
You didn't know any spells.
Your spell library contained the following spells:

 Spells                   Type           Power      Damage    Failure   Level
 Sting                    Tmut/Pois      0%         1d3       98%         1
 Summon Small Mammal      Summ           0%         N/A       98%         1
 Poisonous Vapours        Pois/Air       0%         N/A       99%         2
 Call Canine Familiar     Summ           0%         N/A       100%        3
 Summon Guardian Golem    Hex/Summ       0%         N/A       100%        3
 Animate Dead             Necr           0%         N/A       100%        4
 Olgreb's Toxic Radiance  Pois           0%         N/A       100%        4
 Haunt                    Necr/Summ      0%         N/A       100%        7
 Infestation              Necr           0%         N/A       100%        8


Dungeon Overview and Level Annotations

Branches:
Dungeon (6/15)             Temple (0/1) D:5

Altars:
Cheibriados
Dithmenos
Fedhas
Hepliaklqana
Ru
Sif Muna
Xom
Yredelemnul
Zin
The Shining One

Shops:
D:2 !


Innate Abilities, Weirdness & Mutations

You have a pair of horns on your head.
You reflexively headbutt those who attack you in melee.
You have very sharp teeth.
You have a somewhat thin skeletal structure. (Dex +2, Stealth+)
Armour fits poorly on your strangely shaped body.
You have hidden genetic potential.


Message History

You sock the gnoll!
You kill the gnoll!
Dithmenos accepts your kill.
You feel sick. You block the gnoll sergeant's attack.
The gnoll sergeant hits you from afar with a +4 trident of venom!
You are more poisoned.
You feel very sick. You block the gnoll sergeant's attack.
You see here a +0 whip.
You hit the gnoll sergeant but do no damage.
Your bite misses the gnoll sergeant.
You feel very sick.
The gnoll sergeant hits you with a +4 trident of venom!
You are lethally poisoned!
You sock the gnoll sergeant! The gnoll sergeant blocks your attack.
The gnoll sergeant is heavily wounded.
You feel extremely sick. You block the gnoll sergeant's attack.
You hit the gnoll sergeant but do no damage.
The gnoll sergeant is heavily wounded.
* * * LOW HITPOINT WARNING * * *
You feel extremely sick. You block the gnoll sergeant's attack.
You barely miss the gnoll sergeant.
The gnoll sergeant is heavily wounded.
* * * LOW HITPOINT WARNING * * *
You feel very sick. You block the gnoll sergeant's attack.
The gnoll sergeant hits you with a +4 trident of venom.
* * * LOW HITPOINT WARNING * * *
You are more poisoned.
It was a potion of attraction.
You feel attractive to monsters.
* * * LOW HITPOINT WARNING * * *
You feel very sick. You block the gnoll sergeant's attack.
It was a potion of berserk rage.
A red film seems to cover your vision as you go berserk!
You feel yourself moving faster!
You feel mighty!
You die...

#...#≈≈......# ##...
#...#≈≈......# #..##
##'###≈......####### #.###
#≈##≈.≈##≈............## ##....
#≈≈≈≈.≈≈≈≈......#####..###.....
#####.###.......# ##.....#...
#...........# ####......
##########.## ####...<. #@#
##....#### #g# #.....####
####.#######.........
#.......##...#..#####
#.......##.###..#
#########..........#....#
#......................###
#............[...####....###
#....^...........## ##.....#


You could see a gnoll sergeant.

Vanquished Creatures
  Eustachio (D:4)
  A sky beast (D:5)
  2 necrophages
  A black bear (D:5)
  A scorpion (D:6)
  A bullfrog zombie (D:5)
  3 centaur zombies (D:4)
  A hound (D:4)
  2 jellies (D:5)
  Natasha (twice) (D:3)
  3 iguanas (D:5)
  A hound zombie (D:4)
  2 hound skeletons (D:4)
  7 gnolls (D:5)
  3 adders
  2 howler monkey skeletons (D:6)
  A shadow imp (D:6)
  2 ufetubi (D:5)
  2 adder zombies (D:4)
  2 adder skeletons
  3 worms
  3 dart slugs
  15 orcs
  8 ball pythons
  5 endoplasms
  A giant cockroach (D:4)
  6 goblins
  4 hobgoblins
  11 jackals
  3 quokkas
  2 bats (D:3)
  3 frilled lizards
  8 kobolds
  6 rats (D:1)
118 creatures vanquished.

Vanquished Creatures (others)
  2 plants (D:5)
  A withered plant (D:4)
3 creatures vanquished.

Grand Total: 121 creatures vanquished

Notes
Turn   | Place    | Note
-------+----------+-------------------------------------------
     0 | D:1      | crazypyro the Minotaur Fighter began the quest for the Orb.
     0 | D:1      | Reached XP level 1. HP: 19/19 MP: 0/0
   238 | D:1      | Reached XP level 2. HP: 27/27 MP: 1/1
   277 | D:1      | Found a faded altar of an unknown god.
   287 | D:1      | Prayed at the altar of an unknown god.
   287 | D:1      | Became a worshipper of Dithmenos the Shadowed
   287 | D:1      | Reached * piety under Dithmenos
   369 | D:1      | Reached skill level 3 in Maces & Flails
   662 | D:1      | Reached XP level 3. HP: 33/33 MP: 2/2
  1169 | D:2      | Reached skill level 1 in Dodging
  1171 | D:2      | Reached ** piety under Dithmenos
  1288 | D:2      | Found Olus's Distillery.
  1838 | D:3      | Reached XP level 4. HP: 37/40 MP: 3/3
  2112 | D:3      | Noticed Natasha
  2118 | D:3      | Killed Natasha
  2393 | D:3      | Found a snail-covered altar of Cheibriados.
  2441 | D:3      | Noticed Natasha
  2446 | D:3      | Killed Natasha
  2447 | D:3      | Reached skill level 4 in Maces & Flails
  2500 | D:3      | Found a shimmering blue altar of Sif Muna.
  2758 | D:3      | Found a hazy altar of Hepliaklqana.
  2799 | D:4      | Reached XP level 5. HP: 45/47 MP: 4/4
  2802 | D:4      | Noticed Eustachio
  2856 | D:4      | Killed Eustachio
  2857 | D:4      | Reached XP level 6. HP: 51/53 MP: 5/5
  2898 | D:4      | Found a sacrificial altar of Ru.
  2899 | D:4      | Found a shimmering altar of Xom.
  2899 | D:4      | Found a glowing golden altar of the Shining One.
  2923 | D:4      | Reached skill level 5 in Maces & Flails
  2979 | D:4      | Reached skill level 5 in Armour
  2979 | D:4      | Reached skill level 5 in Shields
  3048 | D:4      | Found a blossoming altar of Fedhas.
  3050 | D:4      | Found a basalt altar of Yredelemnul.
  3056 | D:4      | Found a glowing silver altar of Zin.
  3145 | D:4      | Reached *** piety under Dithmenos
  3485 | D:5      | Entered Level 5 of the Dungeon
  3493 | D:5      | Reached skill level 5 in Fighting
  3493 | D:5      | Reached XP level 7. HP: 55/61 MP: 6/6
  3564 | D:5      | Found a staircase to the Ecumenical Temple.
  3870 | D:5      | Reached skill level 6 in Maces & Flails
  3870 | D:5      | Reached skill level 1 in Spellcasting
  4019 | D:5      | Gained mutation: Your body sometimes deteriorates upon
                  | taking damage. [potion of mutation]
  4019 | D:5      | Gained mutation: You are partially covered in iridescent
                  | scales. (AC +2) [potion of mutation]
  4019 | D:5      | Gained mutation: Your flesh is cold resistant. (rC+)
                  | [potion of mutation]
  4536 | D:6      | Reached XP level 8. HP: 63/69 MP: 9/9
  4927 | D:6      | Lost mutation: You are partially covered in iridescent
                  | scales. (AC +2) [potion of mutation]
  4927 | D:6      | Lost mutation: Your body sometimes deteriorates upon taking
                  | damage. [potion of mutation]
  4927 | D:6      | Lost mutation: Your flesh is cold resistant. (rC+) [potion
                  | of mutation]
  4927 | D:6      | Gained mutation: Armour fits poorly on your strangely
                  | shaped body. [potion of mutation]
  4927 | D:6      | Gained mutation: You have very sharp teeth. [potion of
                  | mutation]
  4927 | D:6      | Gained mutation: You have a somewhat thin skeletal
                  | structure. (Dex +2, Stealth+) [potion of mutation]
  4927 | D:6      | Gained mutation: You have hidden genetic potential. [potion
                  | of mutation]
  5218 | D:5      | HP: 2/70 [poisoned by a gnoll sergeant]
  5219 | D:5      | Succumbed to a gnoll sergeant's poison

Illustrated notes

Levels and vault maps discovered:
D:1:      wheals_arrival_linesprint, layout_loops_ring,
          ebering_ecumenical_altar_sacrificial
D:2:      layout_loops_ring, serial_shops,
          nicolae_shop_temple_entry_statues_fountains
D:3:      layout_loops_ring, general_overflow_altar, cheibriados_altar_1,
          led_sif_book, skrybe_limestone_x, serial_park_tiny_1,
          grunt_decor_junction, uniq_natasha
D:4:      layout_rooms, grunt_temple_overflow_open, serial_undead,
          serial_undead_c, serial_undead_b, serial_undead_a, serial_undead_f,
          kennysheep_generic_room_6, uniq_eustachio
D:5:      layout_rooms, minmay_temple_entry_gardened_gates, lightli_minifort
D:6:      layout_loops_cross, kennysheep_generic_room_5

Skill      XL: |  1  2  3  4  5  6  7  8 |
---------------+-------------------------+-----
Maces & Flails | 3 4 5 6 |  6.9
Fighting       | 4 5 |  5.7
Armour         | 4 5 |  5.8
Shields        | 4 5 |  5.9
Dodging        | 1 2 3 4 |  4.0
Spellcasting   | 1 |  1.5

Action                   |  1- 3 |  4- 6 |  7- 9 || total
-------------------------+-------+-------+-------++-------
Melee: Flail             |   113 |   131 |   113 ||   357
       Headbutt          |    14 |    29 |    26 ||    69
  Use: Scroll            |     2 |       |     4 ||     6
       Potion            |       |       |     7 ||     7
Armor: Scale mail        |    57 |    52 |    46 ||   155
Dodge: Dodged            |    82 |    86 |    59 ||   227
Block: Buckler           |    34 |    37 |    26 ||    97
       Kite shield       |       |       |    20 ||    20
